 Dungeon Crawl Stone Soup version 0.29-a0-553-g81b289dbe5 (webtiles) character file.

Game seed: 14261236252192438916

7 Hubjo the Insei (level 1, -1/15 HPs)
             Began as a Demonspawn Transmuter on June 6, 2022.
             Slain by a jackal (3 damage)
             ... on level 1 of the Dungeon.
             The game lasted 00:00:21 (155 turns).

Hubjo the Insei (Demonspawn Transmuter)              Turns: 155, Time: 00:00:22

Health: -1/15      AC:  2    Str: 10    XL:     1   Next: 91%
Magic:  3/3        EV: 12    Int: 14    God:
Gold:   29         SH:  0    Dex: 13    Spells: 3/4 levels left

rFire   . . .      SeeInvis .   c - +2 short sword (speed)
rCold   . . .      Faith    .   (no shield)
rNeg    . . .      Spirit   .   a - +0 robe
rPois   .          Reflect  .   (helmet currently unavailable)
rElec   .          Harm     .   (no cloak)
rCorr   .          Rampage  .   (no gloves)
Will    .....                   (boots currently unavailable)
Stlth   +.........              (no amulet)
HPRegen 0.05/turn               (no ring)
MPRegen 0.08/turn               (no ring)

@: appendages (expiring)
A: horns 2, talons 2
a: End Transformation


You were on level 1 of the Dungeon.
You had temporarily grown beastly horns and talons.
You visited 1 branch of the dungeon, and saw 1 of its levels.

You collected 29 gold pieces.

Inventory:

Hand Weapons
 c - a +2 short sword of speed (weapon)
Armour
 a - a +0 robe (worn)
Jewellery
 d - a ring of poison resistance
Potions
 b - a potion of lignification
 e - a potion of curing {unknown}


   Skills:
 * Level 1.4 Fighting
 - Level 1.7 Dodging
 + Level 0.4 Stealth
 + Level 2.7 Unarmed Combat
 + Level 2.0 Spellcasting
 + Level 1.9 Transmutations


You had 3 spell levels left.
You knew the following spells:

 Your Spells              Type           Power      Damage    Failure   Level
a - Beastly Appendage     Tmut           12%        N/A       11%         1

Your spell library contained the following spells:

 Spells                   Type           Power      Damage    Failure   Level
 Wereblood                Tmut           6%         N/A       16%         2
 Spider Form              Tmut/Pois      4%         N/A       43%         3
 Ice Form                 Ice/Tmut       4%         N/A       85%         4


Dungeon Overview and Level Annotations

Branches:
Dungeon (1/15)

Altars:


Innate Abilities, Weirdness & Mutations

You have temporarily grown beastly horns and talons.


Message History

You are too injured to fight recklessly!
You are too injured to fight recklessly!
You are too injured to fight recklessly!
You are too injured to fight recklessly!
You are too injured to fight recklessly!
You are too injured to fight recklessly!
You are too injured to fight recklessly!
You are too injured to fight recklessly!
You are too injured to fight recklessly!
You are too injured to fight recklessly!
You are too injured to fight recklessly!
You are too injured to fight recklessly!
You are too injured to fight recklessly!
You barely miss the jackal. You claw the jackal.
Your headbutt misses the jackal.
The jackal is almost dead.
The jackal barely misses you. The jackal closely misses you.
The jackal barely misses you.
You miss the jackal.
The jackal is almost dead.
The jackal closely misses you.
The jackal bites you but does no damage.
The jackal bites you.
* * * LOW HITPOINT WARNING * * *
You closely miss the jackal. You claw the jackal.
You kill the jackal!
The jackal misses you. The jackal closely misses you.
The jackal barely misses you.
You closely miss the jackal.
The jackal bites you but does no damage.
The jackal barely misses you.
You hit the jackal. You claw the jackal. Your headbutt misses the jackal.
The jackal is heavily wounded.
The jackal bites you.
* * * LOW HITPOINT WARNING * * *
The jackal bites you but does no damage.
You closely miss the jackal. Your kick misses the jackal.
The jackal is heavily wounded.
The jackal barely misses you. The jackal bites you.
You die...

.......#.########.......#
##'#####.#..............#
...# #.#.##.#.#......##
#### #.# #.#.###### #.
#.#.# # #.#.# # #.# #!#.#
##### #....#.#+#### ....#
#.!....@....# ###.#
#.##...hh...# ..#.#
#!..........# ..#.#
####........# ..#.#
#........# #.#.#
###.#+##... #.#.# #.#
.### #...# #. # #####


You could see 2 jackals.

Vanquished Creatures
  3 ball pythons (D:1)
  2 jackals (D:1)
  A kobold (D:1)
6 creatures vanquished.

Notes
Turn   | Place    | Note
-------+----------+-------------------------------------------
     0 | D:1      | Hubjo the Demonspawn Transmuter began the quest for the
                  | Orb.
     0 | D:1      | Reached XP level 1. HP: 15/15 MP: 3/3
    11 | D:1      | Noticed an ogre
   155 | D:1      | Slain by a jackal

Illustrated notes

Levels and vault maps discovered:
D:1:      evilmike_arrival_come_back, layout_basic

Action                   || total
-------------------------++-------
Melee: Short sword       ||    14
       Kick              ||     4
       Unarmed           ||     3
       Headbutt          ||     1
 Cast: Beastly Appendage ||     3
Armor: Robe              ||     8
Dodge: Dodged            ||    22

Table legend: (Time is in decaauts)
 A = Elapsed time spent in this place.
 B = Non-inter-level travel time spent in this place.
 C = Inter-level travel time spent in this place.
 D = Time resting spent in this place.
 E = Time spent auto-exploring this place.
 F = Levels seen in this place.
 G = Mean time per level.
                   A        B        C        D        E       F      G
               +--------+--------+--------+--------+--------+-----+--------+
         Total |    151 |    151 |      0 |      0 |    117 |   1 |  151.0 |
       Dungeon |    151 |    151 |      0 |      0 |    117 |   1 |  151.0 |
               +--------+--------+--------+--------+--------+-----+--------+

Top non-repeatable levels by time:
     D:1: 151 daAuts
